 Dungeon Crawl Stone Soup version 0.16-a0-4133-g472b14a (console) character file.

571 MrRokkomies the Archer (level 7, 0/57 HPs)
             Began as a Centaur Hunter on Mar 3, 2015.
             Was an Initiate of Dithmenos.
             Killed from afar by an orc wizard (12 damage)
             ... with a magic dart
             ... on level 5 of the Dungeon.
             The game lasted 00:14:43 (5244 turns).

MrRokkomies the Archer (Centaur Hunter)             Turns: 5244, Time: 00:14:43

Health: 0/57       AC:  4    Str: 15    XL:     7   Next: 11%
Magic:  5/5        EV:  9    Int: 10    God:    Dithmenos [......]
Gold:   287        SH:  0    Dex: 11    Spells: 0 memorised, 6 levels left

rFire  . . .     SeeInvis .     a - +0 long sword
rCold  . . .     Clarity  .     d - +0 leather armour
rNeg   . . .     SustAb   .     (no shield)
rPois  .         Gourm    .     (no helmet)
rElec  .         Spirit   .     (no cloak)
rCorr  .         Warding  .     (no gloves)
rMut   .         Stasis   .     (no barding)
MR     .....                    (no amulet)
Stlth  +.........               (no ring)
                                (no ring)

@: very quick, not resistant to hostile enchantments, very unstealthy
A: hooves 3, deformed body, speed 2, tough skin 3
a: Renounce Religion


You were on level 5 of the Dungeon.
You worshipped Dithmenos.
Dithmenos was noncommittal.
You were very hungry.

You visited 2 branches of the dungeon, and saw 6 of its levels.

You collected 287 gold pieces.

Inventory:

Hand weapons
 a - a +0 long sword (weapon)
 b - a +2 shortbow
Missiles
 c - 44 arrows
 i - 5 javelins of returning (quivered)
Armour
 d - a +0 leather armour (worn)
Magical devices
 p - a wand of flame (29)
 s - a wand of paralysis (4)
Scrolls
 e - a scroll of amnesia
 h - 3 scrolls of identify
 n - 2 scrolls of enchant weapon
 r - 2 scrolls of blinking {unknown}
 t - a scroll of fog
 u - a scroll of remove curse
 v - a scroll of enchant armour {unknown}
Potions
 g - a potion of might
 j - 2 potions of invisibility
 k - 2 potions of heal wounds
 m - a potion of restore abilities {unknown}
 o - a potion of agility
 q - a potion of brilliance {unknown}
Comestibles
 f - 2 bread rations
 l - 5 fruits
 w - a beef jerky


   Skills:
 - Level 3.0 Fighting
 * Level 4.3 Long Blades
 * Level 8.7 Bows
 - Level 1.3 Dodging
 - Level 0.5 Stealth


You had 6 spell levels left.
You didn't know any spells.

Dungeon Overview and Level Annotations

Branches:
Dungeon (5/15)             Temple (1/1) D:5

Altars:
Ashenzari
Cheibriados
Dithmenos
Elyvilon
Fedhas
Gozag
Kikubaaqudgha
Nemelex Xobeh
Okawaru
Qazlal
Ru
Sif Muna
Trog
Vehumet
Xom
Yredelemnul


Innate Abilities, Weirdness & Mutations

You have hooves in place of feet.
Armour fits poorly on your strangely shaped body.
You cover ground very quickly.
You have extremely tough skin (AC +3).


Message History

The worm bites you.
* * * LOW HITPOINT WARNING * * *
The orc wizard hits you but does no damage.
You hit the orc priest but do no damage.
The orc priest is almost dead.
The goblin barely misses you.
The orc priest hits you but does no damage.
The orc wizard hits you but does no damage.
You closely miss the orc priest. You kick the orc priest.
You kill the orc priest!
Dithmenos accepts your kill. The goblin closely misses you.
The worm misses you.
The orc wizard gestures at you while chanting.
You resist with some effort.
There is a staircase to the Ecumenical Temple, spattered with blood here.
Things that are here:
a flail; a leather armour; an orc corpse The orc wizard casts a spell at you.
The magic dart hits you!
You die...

###########
#.........#
#.....P..[#
#....g....##
#..)wo...(.#
#....P.#@..#
........)...#...#
......###.##.(.#
......
#....(.#####+#
......
####...........
(...
#............ ..
#............# .
#............#
#............#


You could see a worm, an orc wizard and a goblin.

Vanquished Creatures
  An ogre (D:4)
  The ghost of hornqvist the Sneak, an average VSAs (D:3)
  A scorpion (D:4)
  2 centaur skeletons
  A hound (D:4)
  A giant frog skeleton (D:4)
  An orc priest (D:5)
  An iguana (D:4)
  4 worker ants (D:4)
  4 adders (D:2)
  A giant mite (D:1)
  A worm (D:3)
  8 orcs
  6 giant cockroaches
  10 hobgoblins
  9 kobolds
  A quokka (D:4)
  6 bats
  4 giant geckos
  3 giant newts
  11 goblins
  4 rats
81 creatures vanquished.

Notes
Turn   | Place    | Note
--------------------------------------------------------------
     0 | D:1      | MrRokkomies, the Centaur Hunter, began the quest for the Orb.
     0 | D:1      | Reached XP level 1. HP: 17/17 MP: 1/1
   309 | D:1      | Reached XP level 2. HP: 19/25 MP: 2/2
   717 | D:2      | Reached XP level 3. HP: 25/30 MP: 3/3
  1317 | D:2      | Reached skill level 6 in Bows
  1531 | D:2      | Found a snail-covered altar of Cheibriados.
  1532 | D:2      | Found an ancient bone altar of Kikubaaqudgha.
  1602 | D:2      | Reached skill level 1 in Long Blades
  1873 | D:2      | Reached XP level 4. HP: 18/38 MP: 3/3
  2140 | D:3      | Noticed hornqvist's ghost (average VSAs)
  2564 | D:3      | Killed hornqvist's ghost
  2564 | D:3      | Reached skill level 7 in Bows
  2564 | D:3      | Reached XP level 5. HP: 40/45 MP: 4/4
  3376 | D:4      | Noticed an ogre
  3396 | D:4      | Killed an ogre
  3396 | D:4      | Reached XP level 6. HP: 51/51 MP: 5/5
  3446 | D:4      | Reached skill level 8 in Bows
  4373 | D:4      | Found a deep blue altar of Sif Muna.
  4849 | D:5      | Entered Level 5 of the Dungeon
  4894 | D:5      | Reached XP level 7. HP: 44/57 MP: 5/5
  4906 | D:5      | Found a staircase to the Ecumenical Temple.
  4948 | Temple   | Entered the Ecumenical Temple
  5194 | Temple   | Became a worshipper of Dithmenos the Shadowed
  5244 | D:5      | Killed from afar by an orc wizard

Action                   |  1- 3 |  4- 6 |  7- 9 || total
-------------------------+-------+-------+-------++-------
Melee: Short sword       |    60 |       |       ||    60
       War axe           |    40 |    39 |       ||    79
       Long sword        |    22 |   114 |    32 ||   168
       Falchion          |     5 |       |       ||     5
 Fire: Shortbow          |     8 |    58 |       ||    66
  Use: Scroll            |    11 |     2 |       ||    13
       Potion            |       |     1 |       ||     1
  Eat: Chunk             |     1 |     7 |       ||     8
       Fruit             |       |     1 |     1 ||     2
